 Dungeon Crawl Stone Soup version 0.19.0-19-g8c6edcc (webtiles) character file.

99 Luna the Stinger (level 4, 0/34 HPs)
             Began as a Ghoul Venom Mage on Nov 14, 2016.
             Slain by a hound (5 damage)
             ... on level 4 of the Dungeon.
             The game lasted 00:38:51 (3387 turns).

Luna the Stinger (Ghoul Venom Mage)                 Turns: 3387, Time: 00:38:52

Health: 0/34       AC:  2    Str: 11    XL:     4   Next: 72%
Magic:  4/5        EV: 12    Int: 11    God:
Gold:   68         SH:  0    Dex:  9    Spells: 0 memorised, 6 levels left

rFire  . . .     SeeInvis .       - Unarmed
rCold  + . .     Gourm    .     I - +0 robe (curse)
rNeg   + + +     Faith    .     (no shield)
rPois  ∞         Spirit   .     (no helmet)
rElec  .         Reflect  .     (no cloak)
rCorr  +         Harm     .     (no gloves)
MR     .....                    (no boots)
Stlth  ++........               (no amulet)
                                (no ring)
                                Q - ring of resist corrosion

@: very slightly contaminated, rotting
A: rotting body, claws 1, carnivore 3, cold resistance 1, negative energy
resistance 3, slow regeneration 1, torment resistance, unbreathing
a: no special abilities


You were on level 4 of the Dungeon.
You were not hungry.

You visited 1 branch of the dungeon, and saw 4 of its levels.

You collected 68 gold pieces.

Inventory:

Hand Weapons
 l - a +1 whip of venom
 J - a +0 spear
 X - a +0 blowgun
Missiles
 k - 56 stones (quivered)
 B - 60 bolts
 K - 32 arrows
 W - 18 poisoned needles
 Y - 7 sling bullets
Armour
 a - a +0 robe
 c - a +0 robe
 d - a +0 shield
 h - a +0 leather armour
 j - a +1 helmet
 w - a +0 leather armour
 C - a +0 robe
 F - a +0 leather armour
 I - a cursed +0 robe (worn)
 M - a +0 leather armour
 Z - a +0 ring mail
Jewellery
 Q - a ring of resist corrosion (left claw)
 V - an uncursed ring of poison resistance
Scrolls
 q - 2 scrolls of identify
 t - a scroll of remove curse
 v - a scroll of fear {unknown}
 H - 2 scrolls of immolation {unknown}
 T - 3 scrolls of random uselessness
Potions
 e - a potion of ambrosia {unknown}
 p - a potion of brilliance {unknown}
 u - a potion of might {unknown}
 x - a potion of degeneration
 z - a potion of lignification {unknown}
 L - a potion of cure mutation {unknown}
Books
 b - a Young Poisoner's Handbook

   Spells                             Type                      Level
   a - Sting                          Conjuration/Poison           1
   b - Mephitic Cloud                 Conjuration/Poison/Air       3
   c - Olgreb's Toxic Radiance        Poison                       4
   d - Alistair's Intoxication        Transmutation/Poison         5
   e - Venom Bolt                     Conjuration/Poison           5
Comestibles
 O - a slice of pizza
 R - 3 chunks of flesh


   Skills:
 + Level 0.9 Fighting
 * Level 2.3 Dodging
 * Level 3.2 Stealth
 * Level 2.3 Unarmed Combat
 + Level 1.9 Spellcasting
 + Level 4.3 Poison Magic


You had 6 spell levels left.
You didn't know any spells.

Dungeon Overview and Level Annotations

Branches:
Dungeon (4/15)
 Temple: D:4-7

Altars:
Qazlal


Innate Abilities, Weirdness & Mutations

Your body is rotting away.
You thrive on raw meat.
You are immune to poison.
You have sharp fingernails.
You are carnivorous and can eat meat at any time.
Your flesh is cold resistant. (rC+)
You are immune to negative energy. (rN+++)
You regenerate slowly when monsters are visible.
You are immune to unholy pain and torment.
You can survive without breathing.


Message History

Press: ? - help, Shift-Dir - straight line, f/p - hound
Aim: a hound (severely wounded)
The sting hits the hound.
The hound appears unharmed.
The hound is severely wounded.
The hound barely misses you.
As you read the scroll labeled XIFFIURAKE, it crumbles to dust.
You hear whispers in an ancient language.
It was a scroll of random uselessness.
The hound bites you.
* * * LOW HITPOINT WARNING * * *
The hound bites you.
* * * LOW HITPOINT WARNING * * *
As you read the scroll labeled EKIUN TEONIOD, it crumbles to dust.
You feel aware of your surroundings.
You sensed 5 altars.
It was a scroll of magic mapping.
The hound bites you.
* * * LOW HITPOINT WARNING * * *
As you read the scroll labeled WUPIME MULORO, it crumbles to dust.
It is a scroll of amnesia.
Forget which spell ([?*] list [ESC] exit)?
Your memory of Sting unravels.
The hound bites you.
You die...

* *****,*_,,,***,,,* **,* **
*,***,** ***,* *,,* ,* *,***,*
*,*** **,** ,**** *,,*,,* *,,,*
**,,* ,,..* **,,,** ***,***
*,,** **#.#* **,** *,,,***,**
#..##* *_* **,,,**,*
###...############ **,,,*,*
##...........sSh@.# **,,,,*
#...........s####.#*******,,,**
..............# *...,,,* *,,,,*
..............# *...#*,***,,,,*
..............#
*...#*,,,,,,,,***
..............#
*...#*>,,,,*,,,,,
..............#
*....,,,,,,,,,,,,
#............##
*.....********,,,
##....[.....## *,,,*** *,,,


You could see a scorpion, a hound, an adder and a giant cockroach.

Vanquished Creatures
  3 adders
  5 worms
  A dart slug (D:1)
  An orc (D:3)
  5 bats
  4 giant cockroaches
  9 goblins
  2 hobgoblins
  2 quokkas (D:3)
  5 frilled lizards
  9 kobolds
  11 rats
57 creatures vanquished.

Notes
Turn   | Place    | Note
-------+----------+-------------------------------------------
     0 | D:1      | Luna the Ghoul Venom Mage began the quest for the Orb.
     0 | D:1      | Reached XP level 1. HP: 14/14 MP: 2/2
   154 | D:1      | Reached XP level 2. HP: 19/20 MP: 3/3
   762 | D:2      | Reached skill level 1 in Unarmed Combat
   762 | D:2      | Reached XP level 3. HP: 20/27 MP: 1/4
  1234 | D:1      | HP: 1/27 [kobold (3)]
  1805 | D:2      | Reached XP level 4. HP: 5/34 MP: 5/5
  2443 | D:3      | Found a stormy altar of Qazlal.
  3387 | D:4      | Slain by a hound

Skill      XL: |  1  2  3  4 |
---------------+-------------+-----
Dodging        | 2 |  2.3
Unarmed Combat | 1 2 |  2.3
Stealth        | 3 |  3.2
Fighting       | |  0.9
Spellcasting   | |  1.9
Poison Magic   | |  4.3

Action                   |  1- 3 |  4- 6 || total
-------------------------+-------+-------++-------
Melee: Unarmed           |   135 |    95 ||   230
       Punch             |       |     1 ||     1
 Cast: Sting             |    35 |    28 ||    63
  Use: Scroll            |     1 |     5 ||     6
       Potion            |     1 |     1 ||     2
  Eat: Chunk             |    13 |     7 ||    20
       Meat ration       |     2 |       ||     2
Armor: Robe              |    20 |    10 ||    30
Dodge: Dodged            |    68 |    52 ||   120
